 Dungeon Crawl Stone Soup version 0.21.1-1-g345015f (webtiles) character file.

41 inc the Vexing (level 3, 14/14 HPs)
             Began as a Felid Enchanter on Feb 25, 2018.
             Quit the game on level 2 of the Dungeon.
             The game lasted 00:04:03 (1858 turns).

inc the Vexing (Felid Enchanter)                    Turns: 1858, Time: 00:04:04

Health: 14/14      AC:  1    Str:  4    XL:     3   Next: 32%
Magic:  7/7        EV: 18    Int: 17    God:
Gold:   65         SH:  0    Dex: 16    Spells: 0/6 levels left
                                        Lives:  0   Deaths: 1

rFire    . . .     SeeInvis +     - Unarmed
rCold    . . .     Gourm    .   (shield unavailable)
rNeg     . . .     Faith    .   (armour unavailable)
rPois    .         Spirit   .   (helmet unavailable)
rElec    .         Reflect  .   (cloak unavailable)
rCorr    .         Harm     .   (gloves unavailable)
MR       .....                  (boots unavailable)
Stlth    +++.......             (no amulet)
HPRegen  0.04/turn              (no ring)
MPRegen  0.10/turn              (no ring)

@: quick
A: very small, no armour, no weapons or thrown items, stealth, claws 1, fangs 3,
see invisible, carnivore, speed 1, shaggy fur 1, slow metabolism 1, sharp paws
a: no special abilities


You were on level 2 of the Dungeon.
You were not hungry.

You visited 1 branch of the dungeon, and saw 4 of its levels.

You collected 65 gold pieces.

Inventory:

Scrolls
 c - 2 scrolls of identify {unknown}
 d - a scroll of blinking {unknown}
 h - a scroll of teleportation {unknown}
 i - a scroll of enchant weapon {unknown}
Potions
 f - a potion of agility
 g - a potion of might {unknown}
 j - a potion of degeneration {unknown}
Books
 a - a book of Maledictions

   Spells                             Type                      Level
   a - Corona                         Hexes                        1
   b - Ensorcelled Hibernation        Hexes/Ice                    2
   c - Confuse                        Hexes                        3
   d - Tukima's Dance                 Hexes                        3
   e - Dazzling Spray                 Conjuration/Hexes            3
Comestibles
 b - a ration


   Skills:
 - Level 2.6 Dodging
 + Level 4.4 Stealth
 - Level 4.0 Unarmed Combat
 - Level 2.0 Spellcasting
 - Level 4.4 Hexes


You couldn't memorise any spells.
You knew the following spells:

 Your Spells              Type           Power        Failure   Level  Hunger
a - Corona                Hex            ###....      3%          1    #......
b - Ensorcelled Hibernat  Hex/Ice        #.....       12%         2    ###....
c - Confuse               Hex            ###.....     10%         3    ###....


Dungeon Overview and Level Annotations

Branches:
Dungeon (4/15)
 Temple: D:4-7

Altars:
Vehumet
Wu Jian

Annotations:
D:3 1 transporter, Sigmund


Innate Abilities, Weirdness & Mutations

You cannot wear armour.
You are incapable of wielding weapons or throwing items.
Your paws allow you to move quietly. (Stealth)
You have sharp claws.
You have razor-sharp teeth.
You have supernaturally acute eyesight. (SInv)
You are carnivorous and can eat meat at any time.
You cover ground quickly.
You are covered in fur. (AC +1)
You have a slow metabolism.
Your sharp claws are effective at attacking unaware monsters.


Message History

A ball python comes into view.
Found 6 gold pieces and 17 stones.
There is an open door here.
A worm comes into view.
Found a scroll labeled VAOMOHUDD XOJI.
A frilled lizard comes into view.
The worm misses you.
It was a potion of agility.
You feel agile all of a sudden. The adder completely misses you.
The adder misses you.
It was a potion of berserk rage.
A red film seems to cover your vision as you go berserk!
You feel yourself moving faster!
You feel mighty!
The ball python hisses angrily.
The worm bites you!
You die...
The adder misses you.
You are now level 3!
You rejoin the land of the living...
Are you sure you want to abandon this character and quit the game? (Confirm with "yes".)

####### #......
########### #.#####
#.........# #.#....
##..#...#..# #.#.###
#..###.###.# #.#
#...#...#..## #.#
#...@._.....# #.#
#...#...#...# #######
#..###.###..###.#†#.'
#...#...#.....#.wSS.#
#.......(..#####.l###
#.#######).##.#$...#.
#..........#..#(?####
######.#..(...####.#.
#...............


There were no monsters in sight!

Vanquished Creatures
  A hound (D:4)
  2 adders (D:2)
  2 oozes
  A worm (D:2)
  2 orcs (D:4)
  A giant cockroach (D:1)
  3 goblins
  4 hobgoblins
  5 kobolds
  A quokka (D:2)
  4 bats (D:2)
  A frilled lizard (D:2)
  3 rats
30 creatures vanquished.

Notes
Turn   | Place    | Note
-------+----------+-------------------------------------------
     0 | D:1      | inc the Felid Enchanter began the quest for the Orb.
     0 | D:1      | Reached XP level 1. HP: 7/7 MP: 4/4
   334 | D:1      | Reached XP level 2. HP: 11/11 MP: 6/6
   521 | D:2      | Learned a level 2 spell: Ensorcelled Hibernation
   841 | D:3      | Found a transporter.
   846 | D:3      | Found an ornate altar of the Wu Jian Council.
   880 | D:4      | Reached XP level 3. HP: 12/14 MP: 7/7
  1060 | D:3      | Noticed Sigmund
  1142 | D:2      | Learned a level 3 spell: Confuse
  1321 | D:2      | Reached XP level 4. HP: 16/18 MP: 4/8
  1695 | D:2      | Found a radiant altar of Vehumet.
  1857 | D:2      | Mangled by a worm
  1858 | D:2      | Reached XP level 3. HP: -10/21 MP: 2/7
  1858 | D:2      | Quit the game

Skill      XL: |  1  2  3 |
---------------+----------+-----
Unarmed Combat | 2 3 4 |  4.0
Dodging        | |  2.6
Stealth        | |  4.4
Spellcasting   | |  2.0
Hexes          | |  4.4

Action                   |  1- 3 |  4- 6 || total
-------------------------+-------+-------++-------
Melee: Unarmed           |    67 |    24 ||    91
       Bite              |     1 |     3 ||     4
 Cast: Corona            |     3 |     1 ||     4
       Ensorcelled Hiber |     6 |     5 ||    11
       Confuse           |     2 |     2 ||     4
  Use: Potion            |       |     2 ||     2
 Stab: Sleeping          |    10 |     7 ||    17
  Eat: Chunk             |     5 |       ||     5
Armor: Skin              |     2 |     2 ||     4
Dodge: Dodged            |    44 |    30 ||    74
